 Dungeon Crawl Stone Soup version 0.13.1 (webtiles) character file.

14645 Radge the Martial Artist (level 11, -5/80 HPs)
             Began as a Demigod Transmuter on Nov 27, 2013.
             Slain by a six-headed hydra (9 damage)
             ... on Level 12 of the Dungeon on Nov 28, 2013.
             The game lasted 01:26:36 (21039 turns).

Radge the Martial Artist (Demigod Transmuter)      Turns: 21039, Time: 01:26:36

HP  -5/80        AC  5     Str 14      XL: 11   Next: 54%
MP  23/27        EV 30     Int 20      God:
Gold 546         SH  0     Dex 25      Spells:  8 memorised,  0 levels left

Res.Fire  : . . .   See Invis. : .     - Unarmed
Res.Cold  : . . .   Warding    : .   y - melded +1 robe
Life Prot.: . . .   Conserve   : .   (shield currently unavailable)
Res.Poison: x       Res.Corr.  : .   (helmet currently unavailable)
Res.Elec. : .       Clarity    : .   (cloak currently unavailable)
Sust.Abil.: . .     Spirit.Shd : .   (gloves currently unavailable)
Res.Mut.  : .       Stasis     : .   (boots currently unavailable)
Res.Rott. : .       Flight     : .   t - amulet of faith {unknown}
Saprovore : . . .                    (no ring)
                                     S - +3 ring of protection

@: spider-form, quick, somewhat resistant to hostile enchantments, fairly
stealthy
A: no striking features
a: End Transformation


You were on level 12 of the Dungeon.
You were hungry.
You were in spider-form.
You visited 2 branches of the dungeon, and saw 13 of its levels.

You collected 526 gold pieces.

Inventory:

Hand weapons
 n - the cursed +4,+3 spear "Demigod's Foe" {slay drac, +Blink}
   (You took it off a kobold on level 4 of the Dungeon)

   This legendary weapon is deadly to all dragonkind.
   It lets you blink.
   It has a curse placed upon it.
 r - a +0,+2 whip of electrocution
Missiles
 b - 87 arrows
 e - 20 stones
 h - 14 arrows of dispersal
 k - 6 arrows of frost
 l - 17 darts
 q - 3 javelins of penetration (quivered)
 v - 8 needles of frenzy
 B - 13 poisoned needles
Armour
 c - a cursed +0 robe
 y - a +1 robe (melded)
 N - a +0 elven leather armour
Magical devices
 s - a wand of random effects (9)
 J - a wand of lightning (4)
 M - a wand of digging (0)
 T - a wand of fire (0)
Comestibles
 a - 2 bread rations
 f - 2 meat rations
 W - 2 rotting chunks of yak flesh
Scrolls
 u - a scroll of enchant weapon II
 A - a scroll of vulnerability
 D - 2 scrolls of magic mapping
 H - a scroll of curse weapon {unknown}
 L - a scroll of amnesia
 O - a scroll of immolation {unknown}
 V - a scroll of silence {unknown}
Jewellery
 i - a cursed ring of fire
 m - a +1 ring of protection
 t - an amulet of faith (around neck) {unknown}
 x - an uncursed ring of protection from cold
 C - an uncursed ring of teleportation
 F - an uncursed amulet of rage
 K - an uncursed amulet of stasis
 P - a -5 ring of evasion
 S - a +3 ring of protection (left front leg)
 Z - an uncursed amulet of the gourmand {unknown}
Potions
 p - a potion of restore abilities
 z - a potion of paralysis
 G - 2 potions of magic
 I - a potion of slowing
 Q - 2 potions of curing
 U - 2 potions of brilliance
 X - a potion of poison
Books
 d - a book of Changes

   Spells                             Type                      Level
   *Beastly Appendage                 Transmutation                1
   *Sticks to Snakes                  Transmutation                2
   *Spider Form                       Transmutation/Poison         3
   *Ice Form                          Ice/Transmutation            4
   *Blade Hands                       Transmutation                5
 g - a Necronomicon {highlevel}

   This book is beyond your current level of understanding.

   Spells                             Type                      Level
   Borgnjor's Revivification          Necromancy                   7
   Haunt                              Necromancy/Summoning         7
   Death's Door                       Charms/Necromancy            8
   Necromutation                      Transmutation/Necromancy     8
 o - a Young Poisoner's Handbook

   Spells                             Type                      Level
   Sting                              Conjuration/Poison           1
   *Cure Poison                       Poison                       2
   *Mephitic Cloud                    Conjuration/Poison/Air       3
   Olgreb's Toxic Radiance            Poison                       4
   Venom Bolt                         Conjuration/Poison           5
 w - a book of Frost

   Spells                             Type                      Level
   Freeze                             Ice                          1
   Throw Frost                        Conjuration/Ice              2
   *Ozocubu's Armour                  Charms/Ice                   3
   Throw Icicle                       Conjuration/Ice              4
   Summon Ice Beast                   Ice/Summoning                4
   Condensation Shield                Ice                          4
 E - a book of the Earth

   Spells                             Type                      Level
   Dig                                Earth                        4
   Leda's Liquefaction                Hexes/Earth                  4
   Bolt of Magma                      Conjuration/Fire/Earth       5
   Statue Form                        Transmutation/Earth          6
   Iron Shot                          Conjuration/Earth            6
   Shatter                            Earth                        9


   Skills:
 + Level 2.2 Fighting
 - Level 7.4 Dodging
 + Level 9.9 Unarmed Combat
 - Level 6.5 Spellcasting
 - Level 2.4 Conjurations
 - Level 1.8 Charms
 - Level 8.3 Transmutations
 - Level 5.7 Ice Magic
 - Level 2.7 Poison Magic


You couldn't memorise any spells.
You knew the following spells:

 Your Spells              Type           Power        Failure   Level  Hunger
a - Beastly Appendage     Trmt           #####.       3%          1    None
b - Sticks to Snakes      Trmt           #####.....   3%          2    None
c - Spider Form           Trmt/Pois      ####......   12%         3    ##.....
d - Blade Hands           Trmt           #####.....   24%         5    #####..
e - Cure Poison           Pois           ###.......   17%         2    None
f - Mephitic Cloud        Conj/Pois/Air  ##......     36%         3    ##.....
g - Ice Form              Ice/Trmt       ####......   21%         4    ###....
h - Ozocubu's Armour      Chrm/Ice       ###.......   24%         3    ##.....


Dungeon Overview and Level Annotations

Branches:
Dungeon (12/27)            Temple (0/1) D:7             Orc (0/4) D:11
   Lair (1/8) D:12

Annotations:
D:11 Nergalle
D:12 Erolcha


Message History

Confirm with . or Enter, or press ? or * to list all spells.
Okay, then.
Casting: Spider Form
Confirm with . or Enter, or press ? or * to list all spells.
You turn into a venomous arachnid creature.
Your +1 robe melds into your body.
The six-headed hydra misses you. The six-headed hydra bites you!
* * * LOW HITPOINT WARNING * * *
The six-headed hydra bites you!
* * * LOW HITPOINT WARNING * * *
The six-headed hydra bites you but does no damage.
The six-headed hydra completely misses you.
The six-headed hydra misses you.
Drink which item? (? for menu, Esc to quit)
Okay, then.
Unknown command.
You hit the shadow but do no damage. The shadow hits you!
* * * LOW HITPOINT WARNING * * *
The six-headed hydra bites you!
You die...

...................)...#######
.......................#
...#...................#
...#.#+####...##'#.....# .. #.
######.#.##### . .. #.#.# ##.
#.#.# . #D#.# #s#.# #p# #.#
#.# #.# #.# #.# #.# #.#


You could see a six-headed hydra and a shadow.

Vanquished Creatures
  A centaur warrior (D:10)
  The ghost of Fv001 the Hoplite, an experienced GrFi of Xom (D:9)
  3 unseen horrors
  Pikel (D:7)
  3 hill giants
  A cyclops (D:11)
  A komodo dragon (D:12)
  A two-headed ogre (D:12)
  A shark (D:9)
  A wyvern (D:9)
  A wraith (D:11)
  Eustachio (D:7)
  9 yaks (D:12)
  Grum (D:11)
  A hippogriff (D:11)
  A hill giant skeleton (D:12)
  2 manticores (D:10)
  3 wolves
  A soldier ant (D:10)
  Menkaure (D:5)
  A necrophage (D:11)
  5 ice beasts
  A slave (D:7)
  A black bear (D:8)
  4 orc warriors
  2 yellow wasps (D:11)
  5 ogres
  3 centaurs
  Duvessa (D:9)
  3 giant frogs
  8 wargs
  A water moccasin (D:10)
  A big kobold (D:11)
  Blork the orc (D:7)
  A cyclops skeleton (D:12)
  7 wights (D:11)
  5 killer bees (D:8)
  Dowan (D:9)
  7 crimson imps
  2 goliath beetles
  A jelly (D:11)
  3 hounds
  5 orc priests
  12 worker ants
  5 iguanas
  10 orc wizards
  4 scorpions
  A hound skeleton (D:7)
  2 mummies
  22 adders
  A giant centipede (D:9)
  8 worms
  An adder skeleton (D:7)
  7 giant geckos
  An ooze (D:4)
  45 orcs
  3 ball pythons
  A bat skeleton (D:5)
  10 giant cockroaches
  19 hobgoblins
  9 jackals
  18 kobolds
  20 bats
  A giant gecko skeleton (D:7)
  4 giant newts
  3 giant spores
  12 goblins
  A goblin skeleton (D:4)
  A goblin zombie (D:5)
  A kobold zombie (D:3)
  7 quokkas
  17 rats
  29 ballistomycetes
  A butterfly (D:5)
380 creatures vanquished.

Vanquished Creatures (collateral kills)
  A scorpion (D:4)
  3 adders (D:2)
4 creatures vanquished.

Vanquished Creatures (others)
  3 slaves (D:7)
  A warg (D:7)
  5 orcs (D:7)
  A ball python (D:3)
  A giant newt (D:3)
  2 giant spores (D:7)
  A rat (D:7)
  13 plants (D:9)
27 creatures vanquished.

Grand Total: 411 creatures vanquished

Notes
Turn   | Place    | Note
--------------------------------------------------------------
     0 | D:1      | Radge, the Demigod Transmuter, began the quest for the Orb.
     0 | D:1      | Reached XP level 1. HP: 16/16 MP: 3/3
    75 | D:1      | Reached skill level 3 in Unarmed Combat
   158 | D:1      | Reached XP level 2. HP: 15/23 MP: 4/4
   396 | D:1      | Learned a level 2 spell: Sticks to Snakes
  1154 | D:2      | Reached skill level 4 in Unarmed Combat
  1154 | D:2      | Reached XP level 3. HP: 10/28 MP: 5/7
  1592 | D:2      | Found a shimmering altar of Xom.
  2142 | D:2      | Reached XP level 4. HP: 27/35 MP: 9/9
  2216 | D:2      | Learned a level 3 spell: Spider Form
  3126 | D:2      | Reached skill level 1 in Poison Magic
  3433 | D:3      | Reached XP level 5. HP: 28/40 MP: 11/11
  5232 | D:4      | Noticed an ogre
  5242 | D:4      | Killed an ogre
  5243 | D:4      | Found a bloodstained altar of Trog.
  5407 | D:4      | Reached XP level 6. HP: 34/47 MP: 1/14
  5521 | D:4      | HP: 2/47 [poisoned by a scorpion]
  6462 | D:4      | Got a shimmering spear
  6617 | D:4      | Identified the spear "Demigod's Foe" {slay drac, +Blink} (You took it off a kobold on level 4 of the Dungeon)
  7105 | D:5      | Entered Level 5 of the Dungeon
  7358 | D:5      | Noticed Menkaure
  7373 | D:5      | Killed Menkaure
  7373 | D:5      | Reached XP level 7. HP: 19/52 MP: 13/16
  7679 | D:5      | Reached skill level 5 in Transmutations
  7729 | D:5      | Found a white marble altar of Elyvilon.
  8507 | D:6      | Reached skill level 6 in Transmutations
  8519 | D:6      | Reached skill level 5 in Dodging
  8519 | D:6      | Reached XP level 8. HP: 45/59 MP: 13/18
  8564 | D:6      | Learned a level 5 spell: Blade Hands
  8826 | D:7      | Noticed Pikel
  8830 | D:7      | Noticed Eustachio
  9257 | D:7      | Reached skill level 7 in Transmutations
  9370 | D:7      | Found a staircase to the Ecumenical Temple.
  9384 | D:7      | Noticed Blork the orc
  9407 | D:7      | Killed Blork the orc
  9457 | D:7      | Reached skill level 8 in Transmutations
  9678 | D:7      | Noticed an orc warlord
  9715 | D:7      | Noticed an orc knight
 11240 | D:7      | Killed Pikel
 11240 | D:7      | Reached skill level 5 in Unarmed Combat
 11240 | D:7      | Reached XP level 9. HP: 33/64 MP: 15/21
 11370 | D:7      | Learned a level 2 spell: Cure Poison
 11901 | D:7      | Killed Eustachio
 12911 | D:8      | Learned a level 3 spell: Mephitic Cloud
 13000 | D:9      | Noticed Fv001's ghost (experienced GrFi)
 13189 | D:9      | Killed Fv001's ghost
 13708 | D:8      | Reached skill level 5 in Spellcasting
 13844 | D:9      | Noticed Dowan
 13856 | D:9      | Noticed Duvessa
 13877 | D:9      | Killed Duvessa
 13877 | D:9      | Reached XP level 10. HP: 46/72 MP: 24/24
 13912 | D:9      | Killed Dowan
 14476 | D:9      | Found a shattered altar of Ashenzari.
 14481 | D:9      | Saw a vision of the Shoals and the Snake Pit.
 14481 | D:9      | Noticed a black mamba
 14481 | D:9      | Noticed a black mamba
 14570 | D:10     | Entered Level 10 of the Dungeon
 14991 | D:10     | Noticed a centaur warrior
 15003 | D:10     | Killed a centaur warrior
 15214 | D:10     | Learned a level 4 spell: Ice Form
 15554 | D:10     | Reached skill level 1 in Ice Magic
 16470 | D:11     | Noticed a hill giant
 16492 | D:11     | Killed a hill giant
 16665 | D:10     | Upgraded the game from 0.13.0-67-g7ee5eca to 0.13.1
 17314 | D:11     | Noticed a cyclops
 17322 | D:11     | Killed a cyclops
 17342 | D:11     | Noticed Grum
 17977 | D:9      | Killed an unseen horror
 17977 | D:9      | Reached XP level 11. HP: 70/78 MP: 22/27
 18401 | D:11     | Learned a level 3 spell: Ozocubu's Armour
 18413 | D:11     | Noticed a hill giant
 18637 | D:11     | Killed Grum
 18803 | D:10     | Killed an unseen horror
 18803 | D:10     | Reached skill level 9 in Unarmed Combat
 18803 | D:10     | Reached skill level 1 in Charms
 18811 | D:10     | Killed an unseen horror
 19445 | D:11     | Found a staircase to the Orcish Mines.
 19463 | D:11     | Killed a hill giant
 19463 | D:11     | Reached skill level 5 in Ice Magic
 19528 | D:11     | Noticed Nergalle
 19658 | D:11     | Noticed a six-headed hydra
 19700 | D:11     | Reached skill level 1 in Conjurations
 19730 | D:12     | Noticed Erolcha
 20299 | D:12     | Noticed a six-headed hydra
 20693 | D:12     | Reached skill level 1 in Fighting
 20877 | D:12     | Found a staircase to the Lair.
 20920 | Lair:1   | Entered Level 1 of the Lair of Beasts
 21039 | D:12     | HP: 4/80 [shadow (8)]
 21039 | D:12     | Slain by a six-headed hydra

Action                   |  1- 3 |  4- 6 |  7- 9 | 10-12 || total
-------------------------+-------+-------+-------+-------++-------
Melee: Unarmed           |   117 |   327 |   622 |   585 ||  1651
Throw: Stone             |     8 |     5 |       |       ||    13
       Javelin           |       |       |     1 |     3 ||     4
 Cast: Beastly Appendage |    19 |    19 |     1 |       ||    39
       Sticks to Snakes  |     4 |     9 |       |       ||    13
       Spider Form       |       |    12 |    61 |    42 ||   115
       Blade Hands       |       |       |     6 |     6 ||    12
       Cure Poison       |       |       |     2 |     3 ||     5
       Ice Form          |       |       |       |    22 ||    22
       Mephitic Cloud    |       |       |       |    13 ||    13
       Ozocubu's Armour  |       |       |       |    13 ||    13
 Abil: End Transformatio |       |       |     8 |     6 ||    14
Evoke: Wand              |       |     2 |     1 |     7 ||    10
  Use: Scroll            |     3 |     7 |    10 |    13 ||    33
       Potion            |     1 |     3 |    15 |     3 ||    22
 Stab: Sleeping          |       |     3 |     1 |       ||     4
       Distracted        |       |     1 |       |     1 ||     2
       Invisible         |       |       |     2 |       ||     2
       Confused          |       |       |       |     4 ||     4
